 Dungeon Crawl Stone Soup version 0.14.0-20-g75a2fc2 (webtiles) character file.

14640 Maka the Bludgeoner (level 11, -6/77 HPs)
             Began as a Demonspawn Gladiator on Apr 20, 2014.
             Was the Champion of Okawaru.
             Killed from afar by an ice statue (26 damage)
             ... with a shard of ice
             ... in an ice cave.
             The game lasted 00:42:36 (10820 turns).

Maka the Bludgeoner (Demonspawn Gladiator)         Turns: 10820, Time: 00:42:36

HP  -6/77        AC 15     Str 16      XL: 11   Next: 82%
MP   9/11        EV 20     Int  9      God: Okawaru [******]
Gold 650         SH  0     Dex 17      Spells:  0 memorised, 10 levels left

rFire  . . .     SeeInvis .     a - +3 morningstar (freeze)
rCold  + . .     Clarity  .     l - +0 ring mail
rNeg   . . .     Conserve .     (no shield)
rPois  +         rCorr    .     (helmet restricted)
rElec  .         rRot     +     p - +1 cloak {rPois}
SustAb . .       Spirit   .     u - +1 pair of gloves
rMut   .         Warding  .     (no boots)
Saprov + . .     Stasis   .     (no amulet)
MR     .....                    t - ring of protection from cold
                                z - +4 ring of evasion

@: heroism, not resistant to hostile enchantments, stealthy
A: horns 2, molten scales 2, foul stench 1, saprovore 1
a: Heroism, Finesse, Renounce Religion


You were in an ice cave.
You worshipped Okawaru.
Okawaru was exalted by your worship.
You were not hungry.

You visited 2 branches of the dungeon, and saw 10 of its levels.
You also visited: Sewer, Ossuary and Ice Cave.

You collected 650 gold pieces.

Inventory:

Hand weapons
 a - a +3,+3 morningstar of freezing (weapon)
 b - a +2,+0 flail of crushing
 j - a +0 blowgun
Missiles
 d - a throwing net
 C - 7 javelins (quivered)
Armour
 g - a cursed +0 buckler
 k - the -4 hat of Jadimy {rPois rC+ MR+ Stlth- Curse}
   (Okawaru gifted it to you on level 2 of the Lair of Beasts)

   It protects you from cold.
   It protects you from poison.
   It affects your resistance to hostile enchantments.
   It may recurse itself when equipped.
   It makes you less stealthy.
 l - a +0 ring mail (worn)
 p - a +1 cloak of poison resistance (worn)
 u - a +1 pair of gloves (worn)
Magical devices
 e - a wand of fireball (3)
 y - a wand of flame (8)
 F - a wand of disintegration (10)
Comestibles
 v - 3 meat rations
Scrolls
 m - 3 scrolls of teleportation
 x - 3 scrolls of remove curse
Jewellery
 s - an uncursed ring of protection from magic
 t - a ring of protection from cold (right hand)
 w - an uncursed ring of protection from fire
 z - a +4 ring of evasion (left hand)
Books
 f - a book of Frost

   Spells                             Type                      Level
   Freeze                             Ice                          1
   Throw Frost                        Conjuration/Ice              2
   Ozocubu's Armour                   Charms/Ice                   3
   Throw Icicle                       Conjuration/Ice              4
   Summon Ice Beast                   Ice/Summoning                4
   Condensation Shield                Ice                          4
 n - a Grand Grimoire {highlevel, unknown}

   This book is beyond your current level of understanding.

   Spells                             Type                      Level
   Aura of Abjuration                 Summoning                    6
   Forceful Dismissal                 Summoning                    6
   Haunt                              Necromancy/Summoning         7
   Summon Greater Demon               Summoning                    7
   Malign Gateway                     Summoning/Translocation      7
   Summon Horrible Things             Summoning                    8


   Skills:
 - Level 4.3(9.3) Fighting
 - Level 15.0(20.0) Maces & Flails
 - Level 1.7(6.7) Throwing
 - Level 5.1(10.1) Armour
 - Level 6.1(11.1) Dodging
 + Level 0.0 Invocations


You had 10 spell levels left.
You didn't know any spells.

Dungeon Overview and Level Annotations

Branches:
Dungeon (8/15)             Temple (0/1) D:6            Lair (2/8) D:8

Altars:
Kikubaaqudgha
Makhleb
Nemelex Xobeh
Okawaru
Sif Muna
Yredelemnul
Zin
The Shining One

Annotations:
D:4 Armakuni's ghost, average HuSk IceCv exclusion: ice statue


Innate Abilities, Weirdness & Mutations

You have a pair of horns on your head.
You are mostly covered in molten scales (AC +3, EV -1).
You emit a foul stench, and are resistant to rotting and decay.
You can tolerate rotten meat.


Message History

The ice statue is lightly damaged.
You hit the ice statue but do no damage.
The ice statue is lightly damaged.
The ice beast hits you but does no damage.
The ice beast looks sick.
You hit the ice statue.
The ice statue is lightly damaged.
The ice statue throws ice at you. The shard of ice hits you!
You partially resist.
* * * LOW HITPOINT WARNING * * *
The ice beast closely misses you.
You hit the ice statue but do no damage.
The ice statue is lightly damaged.
The ice beast closely misses you.
Use which ability? (? or * to list)
You gain the combat prowess of a mighty hero.
You feel slightly more hungry. The ice statue throws ice at you.
The shard of ice hits you! You partially resist.
You die...

####### ###...#.##
##..#!..(.#####
#..####..##∩..##
#..###..####..∩#
#@..##..# #....#
#I8.##...####...#
#...####...####..##
###.# ###...##...#
.#) ##...##..# . #
##......# #
###...## #####


You could see an ice statue and an ice beast.

Vanquished Creatures
  A hill giant (D:8)
  Pikel (D:6)
  4 elephants (Lair:1)
  A queen ant (Lair:1)
  2 spiny frogs (Lair:1)
  Grinder (D:5)
  A polar bear (IceCv)
  A komodo dragon (Lair:1)
  A basilisk (Lair:1)
  A yak (IceCv)
  A wyvern (Lair:1)
  2 hippogriffs
  A shark (Lair:1)
  5 necrophages (Lair:2)
  4 water moccasins (Lair:1)
  Edmund (D:5)
  5 wolves
  20 soldier ants (Lair:1)
  A sky beast (D:8)
  A porcupine (Lair:1)
  3 slaves (D:5)
  9 ice beasts
  2 ogres (D:4)
  4 orc warriors
  A phantom (D:7)
  Sigmund (D:4)
  2 giant slugs (Lair:1)
  An elf zombie (D:6)
  7 big kobolds (Sewer)
  2 centaurs
  Ijyb (D:6)
  5 giant frogs
  3 killer bees (D:7)
  A scorpion (D:7)
  A giant goldfish zombie (D:3)
  5 wights (D:7)
  6 hounds
  A goliath beetle (D:7)
  A big fish (Lair:1)
  A giant frog zombie (D:7)
  6 orc priests
  5 orc wizards
  23 worker ants
  2 human skeletons (D:6)
  A quasit (D:8)
  3 jellies
  7 sheep (Lair:1)
  A big kobold zombie (D:8)
  An ogre skeleton (D:7)
  Terence (D:3)
  10 mummies (Ossuary)
  9 adders
  7 orc zombies
  19 green rats
  A shadow imp (D:6)
  6 giant mites
  6 worms
  A giant eyeball (D:4)
  9 giant geckos
  7 oozes
  26 orcs
  10 bats
  A bat zombie (D:3)
  4 giant cockroaches
  2 gnoll zombies (Ossuary)
  14 hobgoblins
  9 jackals
  4 quokkas
  5 ball pythons
  5 giant newts
  A giant spore (D:8)
  11 goblins
  11 kobolds
  5 kobold zombies
  21 rats
  2 rat zombies (D:3)
  A ballistomycete (D:8)
  A fungus (Lair:2)
370 creatures vanquished.

Vanquished Creatures (others)
  A wolf (IceCv)
  A slave (D:6)
  A quokka (D:5)
3 creatures vanquished.

Grand Total: 373 creatures vanquished

Notes
Turn   | Place    | Note
--------------------------------------------------------------
     0 | D:1      | Maka, the Demonspawn Gladiator, began the quest for the Orb.
     0 | D:1      | Reached XP level 1. HP: 16/16 MP: 1/1
   107 | D:1      | Reached skill level 3 in Maces & Flails
   288 | D:1      | Gained mutation: You have a pair of small horns on your head. [demonic ancestry]
   288 | D:1      | Reached XP level 2. HP: 13/22 MP: 2/2
   477 | D:1      | Found an iron altar of Okawaru.
   482 | D:1      | Became a worshipper of Warmaster Okawaru
   775 | D:2      | Reached XP level 3. HP: 9/27 MP: 3/3
  1290 | D:2      | Found a glowing golden altar of the Shining One.
  1365 | D:2      | Found a sparkling altar of Nemelex Xobeh.
  1368 | D:2      | Found a deep blue altar of Sif Muna.
  1373 | D:2      | Found an iron altar of Okawaru.
  1428 | D:2      | Reached skill level 4 in Maces & Flails
  1575 | D:3      | Found an ancient bone altar of Kikubaaqudgha.
  1601 | D:3      | Reached XP level 4. HP: 11/33 MP: 4/4
  1725 | D:3      | Found a glowing drain.
  1735 | D:3      | Reached skill level 5 in Maces & Flails
  1757 | Sewer    | Entered a sewer
  1959 | Sewer    | Noticed a big kobold
  1967 | Sewer    | Reached XP level 5. HP: 28/38 MP: 5/5
  1982 | Sewer    | Killed a big kobold
  2237 | Sewer    | Noticed a big kobold
  2262 | Sewer    | Killed a big kobold
  2262 | Sewer    | Acquired Okawaru's first power
  2262 | Sewer    | Reached skill level 6 in Maces & Flails
  2262 | Sewer    | Gained mutation: You can tolerate rotten meat. [demonic ancestry]
  2262 | Sewer    | Reached XP level 6. HP: 35/44 MP: 6/6
  2374 | Sewer    | Noticed a big kobold
  2374 | Sewer    | Noticed a big kobold
  2392 | Sewer    | Killed a big kobold
  2406 | Sewer    | Killed a big kobold
  2517 | Sewer    | Noticed a big kobold
  2533 | Sewer    | Killed a big kobold
  2533 | Sewer    | Gained mutation: You are partially covered in molten scales (AC +1). [demonic ancestry]
  2533 | Sewer    | Reached XP level 7. HP: 40/50 MP: 7/7
  2708 | Sewer    | Noticed a big kobold
  2723 | Sewer    | Killed a big kobold
  2736 | Sewer    | Noticed a big kobold
  2749 | Sewer    | Killed a big kobold
  2749 | Sewer    | Reached skill level 7 in Maces & Flails
  3184 | D:3      | Noticed Terence
  3199 | D:3      | Killed Terence
  3345 | D:4      | Noticed Sigmund
  3553 | D:4      | Killed Sigmund
  3561 | D:4      | Noticed Armakuni's ghost (average HuSk)
  3696 | D:4      | Reached skill level 8 in Maces & Flails
  3804 | D:4      | Gained mutation: You are mostly covered in molten scales (AC +3, EV -1). [demonic ancestry]
  3804 | D:4      | Reached XP level 8. HP: 56/56 MP: 8/8
  3949 | D:4      | Reached skill level 1 in Armour
  4803 | D:5      | Entered Level 5 of the Dungeon
  5055 | D:5      | Noticed Edmund
  5207 | D:5      | Killed Edmund
  5207 | D:5      | Reached skill level 9 in Maces & Flails
  5302 | D:5      | Found a basalt altar of Yredelemnul.
  5303 | D:5      | Noticed a profane servitor
  5309 | D:5      | Found a glowing golden altar of the Shining One.
  5310 | D:5      | Noticed an angel
  5464 | D:5      | Noticed Grinder
  5483 | D:5      | Paralysed by something for 3 turns
  5526 | D:5      | Killed Grinder
  5652 | D:5      | Found a burning altar of Makhleb.
  5775 | D:6      | Found a glowing silver altar of Zin.
  5777 | D:6      | Noticed Pikel
  5896 | D:6      | Killed Pikel
  5896 | D:6      | Reached skill level 10 in Maces & Flails
  5896 | D:6      | Gained mutation: You have a pair of horns on your head. [demonic ancestry]
  5896 | D:6      | Reached XP level 9. HP: 42/61 MP: 6/9
  5919 | D:6      | Found a staircase to the Ecumenical Temple.
  6115 | D:6      | Found a sand-covered staircase.
  6127 | Ossuary  | Entered an ossuary
  6559 | D:6      | Reached skill level 11 in Maces & Flails
  6744 | D:6      | Noticed Ijyb
  6760 | D:6      | Killed Ijyb
  7080 | D:7      | Acquired Okawaru's second power
  7378 | D:7      | Reached skill level 12 in Maces & Flails
  7397 | D:7      | Gained mutation: You emit a foul stench, and are resistant to rotting and decay. [demonic ancestry]
  7397 | D:7      | Reached XP level 10. HP: 57/67 MP: 10/10
  8138 | D:8      | Noticed a hill giant
  8152 | D:8      | Killed a hill giant
  8268 | D:8      | Found a staircase to the Lair.
  8293 | Lair:1   | Entered Level 1 of the Lair of Beasts
  8364 | Lair:1   | Reached skill level 13 in Maces & Flails
  8664 | Lair:1   | Reached skill level 5 in Dodging
  8848 | Lair:1   | Reached skill level 5 in Armour
  9181 | Lair:1   | Reached XP level 11. HP: 21/72 MP: 11/11
  9391 | Lair:1   | Received a gift from Okawaru
  9623 | Lair:1   | Reached skill level 14 in Maces & Flails
 10382 | Lair:2   | Received a gift from Okawaru
 10385 | Lair:2   | Got a twisted hat {god gift}
 10388 | Lair:2   | Identified the -4 hat of Jadimy {rPois rC+ MR+ Stlth- Curse} (Okawaru gifted it to you on level 2 of the Lair of Beasts)
 10564 | Lair:2   | Found a frozen archway.
 10586 | Lair:2   | Reached skill level 15 in Maces & Flails
 10670 | IceCv    | Entered an ice cave
 10802 | IceCv    | Noticed an ice statue
 10820 | IceCv    | Killed from afar by an ice statue

Action                   |  1- 3 |  4- 6 |  7- 9 | 10-12 || total
-------------------------+-------+-------+-------+-------++-------
Melee: Flail             |    96 |   149 |   300 |     6 ||   551
       Dire flail        |       |       |   242 |       ||   242
       Morningstar       |       |       |    81 |   573 ||   654
Throw: Throwing net      |       |     1 |     3 |       ||     4
       Tomahawk          |       |       |     6 |       ||     6
       Javelin           |       |       |    12 |     2 ||    14
Invok: Heroism           |       |       |     7 |     3 ||    10
Evoke: Wand              |       |       |     5 |     3 ||     8
  Use: Scroll            |     4 |       |    17 |     3 ||    24
       Potion            |       |     1 |     3 |       ||     4
 Stab: Sleeping          |       |       |     2 |       ||     2
       Distracted        |       |       |       |     1 ||     1
